Devils vs Blackhawks

Created - January 21, 2020 at 19:14

Goals
1 2 3 T
Devils 1 1 0 2
Blackhawks 2 2 0 4
Shots
1 2 3 T
Devils 4 7 8 19
Blackhawks 3 13 10 26

1st period

1. Blackhawks , Derick Brassard 27 (Chris Kreider 20, Mike Green 14) at 0:08
2. Devils , Johnny Gaudreau 23 (Ryan Johansen 25) at 12:57
3. Blackhawks , Chris Kreider 20 (Derick Brassard 38) at 13:29

Penalties :
Antoine Roussel (Chi) for Holding (Minor) at 3:28, Shea Weber (NJD) for High sticking (Minor) at 13:30

2nd period

4. Devils , Kellan Lain 5 (Kevin Porter 5) at 5:39
5. Blackhawks , Tomas Fleischmann 7 (John Carlson 28, Erik Christensen 12) at 9:42
6. Blackhawks , Derick Brassard 28 (John Carlson 29, Mike Green 15) at 10:46 (PP)

Penalties :
Marian Hossa (NJD) for Tripping (Minor) at 1:24, Tobias Enstrom (NJD) for High sticking (Minor) at 10:33, Travis Hamonic (NJD) for High sticking (Minor) at 11:23, Seth Jones (Chi) for Hooking (Minor) at 15:50

3rd period

No Goal

Penalties :
Derick Brassard (Chi) for Tripping (Minor) at 4:10, Johnny Gaudreau (NJD) for Holding (Minor) at 13:23

Goalie Stats

John Gibson (NJD), 10 saves from 14 shots - (0.714), L, 14-16-1, 30:46 minutes
Keith Kinkaid (NJD), 12 saves from 12 shots - (1.000), 29:14 minutes
Jimmy Howard (Chi), 17 saves from 19 shots - (0.895), W, 18-10-4, 60:00 minutes

Players Stats for Devils

Player Name              G  A  P  +/- PIM S  H  SB GA TA FO     MP     PP MP  PK MP  
------------------------------------------------------------------------------------
Anthony Stewart          0  0  0   0  0   0  0  1  0  0  0/1     6:46   0:13   0:00 
Brady Skjei              0  0  0   0  0   1  1  1  0  1  0/0    22:23   2:22   0:43 
Brandon Burlon           0  0  0   0  0   1  0  1  0  0  0/0    12:23   0:00   1:54 
Gabriel Landeskog        0  0  0   0  0   2  2  1  0  1  0/1    19:47   2:36   4:43 
Johnny Gaudreau          1  0  1   0  2   4  0  1  2  1  2/3    19:52   3:00   1:14 
Kellan Lain              1  0  1  -1  0   1  2  0  0  0  0/0    13:44   0:23   2:12 
Kevin Porter             0  1  1  -1  0   1  1  0  0  0  2/5    10:36   0:00   0:00 
Ladislav Smid            0  0  0   0  0   0  2  2  0  0  0/0    14:15   0:00   3:20 
Marian Hossa             0  0  0   0  2   2  0  0  0  0  1/1    12:55   0:00   0:00 
Rostislav Olesz          0  0  0   0  0   1  2  1  0  0  0/0     8:02   0:00   1:10 
Ryan Johansen            0  1  1   0  0   0  2  1  0  2  15/32  22:43   2:36   4:43 
Shea Weber               0  0  0   0  2   0  2  0  0  2  0/0    26:26   3:35   2:10 
Tobias Enstrom           0  0  0  -1  2   0  1  0  1  2  0/0    21:42   2:22   4:36 
Tobias Rieder            0  0  0  -1  0   1  0  0  0  0  1/1    13:09   2:58   0:00 
Travis Hamonic           0  0  0  -1  2   0  0  2  1  1  0/0    22:55   3:35   3:35 
Tyler Bozak              0  0  0   0  0   0  2  0  0  0  1/1    10:06   0:31   2:12 
Tyler Seguin             0  0  0   0  0   2  2  0  0  0  6/11   16:08   2:58   0:04 
Viktor Arvidsson         0  0  0   0  0   3  0  0  1  0  1/3    17:54   2:36   0:00 

Players Stats for Blackhawks

Player Name              G  A  P  +/- PIM S  H  SB GA TA FO     MP     PP MP  PK MP  
------------------------------------------------------------------------------------
Antoine Roussel          0  0  0  -2  2   2  3  0  0  0  0/1    15:26   3:45   0:00 
Bobby Ryan               0  0  0  -2  0   1  1  0  0  0  0/2    12:04   0:03   0:00 
Brandon Yip              0  0  0   1  0   1  0  0  0  0  0/0    15:14   3:45   1:13 
Chris Kreider            1  1  2   2  0   7  0  0  3  1  1/1    23:16   4:21   3:06 
David Jones              0  0  0   0  0   0  0  0  1  0  0/0     7:26   0:00   0:00 
Derick Brassard          2  1  3   2  2   5  2  0  0  0  18/34  20:11   4:21   0:00 
Erik Christensen         0  1  1   1  0   4  1  0  0  0  4/5    10:11   0:00   0:00 
Gabriel Bourque          0  0  0   0  0   1  2  2  0  0  0/0     9:18   0:03   1:16 
John Carlson             0  2  2   2  0   0  0  1  1  2  0/0    26:33   4:41   0:43 
Justin Falk              0  0  0   0  0   0  0  1  0  0  0/0    13:45   0:00   3:01 
Matthew Spiller          0  0  0  -1  0   0  2  0  0  1  0/0    16:34   0:00   3:19 
Michael Latta            0  0  0   0  0   0  1  0  0  0  0/1     8:49   0:00   1:40 
Mike Green               0  2  2   2  0   0  2  1  1  1  0/0    25:50   4:41   0:00 
Rick Nash                0  0  0   2  0   1  4  0  1  0  2/2    20:05   4:21   0:00 
Scott Gomez              0  0  0  -2  0   1  1  2  1  0  5/12   18:57   3:45   3:04 
Seth Jones               0  0  0   0  2   1  2  1  1  0  0/0    17:18   3:28   1:55 
Tomas Fleischmann        1  0  1   1  0   2  2  0  0  0  0/1    12:38   0:03   1:35 
Tyler Cuma               0  0  0  -1  0   0  1  5  1  0  0/0    20:25   3:28   2:56 

3 Stars

1 - Derick Brassard (Chi)
2 - Chris Kreider (Chi)
3 - Mike Green (Chi)

Power Play

Devils - 0 on 3 Attempt(s) - 0.00%
Blackhawks - 1 on 5 Attempt(s) - 20.00%

Penalty Kill

Devils - 4 on 5 Attempt(s) - 80.00% - Score 0 goal in Penalty Kill
Blackhawks - 3 on 3 Attempt(s) - 100.00% - Score 0 goal in Penalty Kill

Team Stat

Devils - Hits : 19 - Faceoff Wins : 29 - Blocked Shots : 11 - Penalty Minutes : 10
Blackhawks - Hits : 24 - Faceoff Wins : 30 - Blocked Shots : 13 - Penalty Minutes : 6

Official

Referees : Unknown
Linesman : Unknown

Game Notes

Keith Kinkaid enters game at 10:46 of 2nd period

Finance

Level 1 -- Attendance: 4549 (75.82%) -- Ticket Income $500,390
Level 2 -- Attendance: 3766 (75.32%) -- Ticket Income $263,620
Level 3 -- Attendance: 1507 (75.35%) -- Ticket Income $67,815
Level 4 -- Attendance: 3564 (89.10%) -- Ticket Income $106,920
Luxury Box -- Attendance: 805 (80.50%) -- Ticket Income $152,950
Game was played at the Rexall Place.
Total Attendance: 14191 (78.84%)
Total Ticket Income: $1,091,695
Other Income: $163,754
Total Income: $1,255,449

Devils

5 vs 5 Forward 
   Center                   Left Wing                Right Wing               Time % Phy DF OF 
 1 Ryan Johansen            Johnny Gaudreau          Viktor Arvidsson         40     0   2  3  
 2 Tyler Seguin             Gabriel Landeskog        Marian Hossa             30     0   2  3  
 3 Kevin Porter             Kellan Lain              Tobias Rieder            20     0   3  2  
 4 Tyler Bozak              Rostislav Olesz          Anthony Stewart          10     0   3  1  

5 vs 5 Defense 
   Defense                  Defense                                           Time % Phy DF OF 
 1 Brady Skjei              Shea Weber                                        40     1   2  2  
 2 Travis Hamonic           Tobias Enstrom                                    30     1   2  2  
 3 Ladislav Smid            Brandon Burlon                                    20     1   2  2  
 4 Travis Hamonic           Shea Weber                                        10     1   2  2  

PowerPlay Forward 
   Center                   Left Wing                Right Wing               Time % Phy DF OF 
 1 Tyler Seguin             Johnny Gaudreau          Tobias Rieder            60     0   0  5  
 2 Ryan Johansen            Gabriel Landeskog        Viktor Arvidsson         40     0   0  5  

PowerPlay Defense
   Defense                  Defense                                           Time % Phy DF OF 
 1 Travis Hamonic           Shea Weber                                        60     1   2  2  
 2 Brady Skjei              Tobias Enstrom                                    40     1   2  2  

Penalty Kill 4 Players Forward 
   Center                   Wing                     Time % Phy DF OF 
 1 Ryan Johansen            Gabriel Landeskog        60     0   3  2  
 2 Tyler Bozak              Kellan Lain              40     0   3  2  

Penalty Kill 4 Players Defense
   Defense                  Defense                  Time % Phy DF OF 
 1 Travis Hamonic           Tobias Enstrom           60     0   3  2  
 2 Shea Weber               Ladislav Smid            40     0   3  2  

Penalty Kill - 3 Players Forward 
   Forward                                           Time % Phy DF OF 
 1 Tyler Seguin                                      60     1   2  2  
 2 Johnny Gaudreau                                   40     1   2  2  

Penalty Kill - 3 Players Defense
   Defense                  Defense                  Time % Phy DF OF 
 1 Ladislav Smid            Tobias Enstrom           60     1   2  2  
 2 Shea Weber               Travis Hamonic           40     1   2  2  

4 vs 4 Forward 
   Center                   Wing                     Time % Phy DF OF 
 1 Tyler Seguin             Johnny Gaudreau          60     1   2  2  
 2 Ryan Johansen            Gabriel Landeskog        40     1   2  2  

4 vs 4 Defense
   Defense                  Defense                  Time % Phy DF OF 
 1 Tobias Enstrom           Brady Skjei              60     1   2  2  
 2 Shea Weber               Travis Hamonic           40     1   2  2  

Last Minutes Offensive
   Center                   Left Wing                Right Wing               Defense                  Defense                  
   Tyler Seguin             Johnny Gaudreau          Marian Hossa             Travis Hamonic           Shea Weber               

Last Minutes Defensive
   Center                   Left Wing                Right Wing               Defense                  Defense                  
   Tyler Seguin             Johnny Gaudreau          Marian Hossa             Travis Hamonic           Shea Weber               

Goaltenders
Starting : John Gibson              
Backup : Keith Kinkaid            

Extra Forwards
Normal : Tyler Bozak, Kellan Lain, Rostislav Olesz - PP : Tyler Bozak, Kellan Lain - PK : Rostislav Olesz
Extra Defensemen
Normal : Brady Skjei, Brandon Burlon, Ladislav Smid - PP : Ladislav Smid - PK : Brandon Burlon, Brady Skjei
Penalty Shots
Tyler Seguin, Johnny Gaudreau, Ryan Johansen, Gabriel Landeskog, Kellan Lain

Scratches
Pernell Karl Subban (Broken Bone (Left Foot) Injury)

Blackhawks

5 vs 5 Forward 
   Center                   Left Wing                Right Wing               Time % Phy DF OF 
 1 Derick Brassard          Chris Kreider            Rick Nash                40     1   2  2  
 2 Scott Gomez              Antoine Roussel          Bobby Ryan               30     1   2  2  
 3 Erik Christensen         Tomas Fleischmann        Brandon Yip              20     1   2  2  
 4 Michael Latta            Gabriel Bourque          David Jones              10     1   2  2  

5 vs 5 Defense 
   Defense                  Defense                                           Time % Phy DF OF 
 1 John Carlson             Mike Green                                        40     1   2  2  
 2 Tyler Cuma               Matthew Spiller                                   30     1   2  2  
 3 Seth Jones               Justin Falk                                       20     1   2  2  
 4 John Carlson             Mike Green                                        10     1   2  2  

PowerPlay Forward 
   Center                   Left Wing                Right Wing               Time % Phy DF OF 
 1 Derick Brassard          Chris Kreider            Rick Nash                60     1   2  2  
 2 Scott Gomez              Antoine Roussel          Brandon Yip              40     1   2  2  

PowerPlay Defense
   Defense                  Defense                                           Time % Phy DF OF 
 1 John Carlson             Mike Green                                        60     1   2  2  
 2 Tyler Cuma               Seth Jones                                        40     1   2  2  

Penalty Kill 4 Players Forward 
   Center                   Wing                     Time % Phy DF OF 
 1 Scott Gomez              Chris Kreider            60     1   2  2  
 2 Michael Latta            Tomas Fleischmann        40     1   2  2  

Penalty Kill 4 Players Defense
   Defense                  Defense                  Time % Phy DF OF 
 1 Tyler Cuma               Matthew Spiller          60     1   2  2  
 2 Seth Jones               Justin Falk              40     1   2  2  

Penalty Kill - 3 Players Forward 
   Forward                                           Time % Phy DF OF 
 1 Scott Gomez                                       60     1   2  2  
 2 Derick Brassard                                   40     1   2  2  

Penalty Kill - 3 Players Defense
   Defense                  Defense                  Time % Phy DF OF 
 1 Mike Green               John Carlson             60     1   2  2  
 2 Seth Jones               Justin Falk              40     1   2  2  

4 vs 4 Forward 
   Center                   Wing                     Time % Phy DF OF 
 1 Derick Brassard          Chris Kreider            60     1   2  2  
 2 Scott Gomez              Rick Nash                40     1   2  2  

4 vs 4 Defense
   Defense                  Defense                  Time % Phy DF OF 
 1 Mike Green               John Carlson             60     1   2  2  
 2 Tyler Cuma               Seth Jones               40     1   2  2  

Last Minutes Offensive
   Center                   Left Wing                Right Wing               Defense                  Defense                  
   Derick Brassard          Chris Kreider            Rick Nash                Mike Green               John Carlson             

Last Minutes Defensive
   Center                   Left Wing                Right Wing               Defense                  Defense                  
   Derick Brassard          Chris Kreider            Rick Nash                Mike Green               John Carlson             

Goaltenders
Starting : Jimmy Howard             
Backup : Ray Emery                

Extra Forwards
Normal : Tomas Fleischmann, Brandon Yip, David Jones - PP : Tomas Fleischmann, Brandon Yip - PK : Brandon Yip
Extra Defensemen
Normal : Seth Jones, Justin Falk, John Carlson - PP : Matthew Spiller - PK : John Carlson, Seth Jones
Penalty Shots
Derick Brassard, Rick Nash, Chris Kreider, Mike Green, Antoine Roussel

Scratches
None


% Time on Ice - Devils

Lines # - Real PCT - Wanted PCT - Time Play
Normal Forward
1 - 34% - 40% - 15:34
2 - 29% - 30% - 13:29
3 - 23% - 20% - 10:36
4 - 14% - 10% - 6:15
Normal Defense
1 - 38% - 40% - 17:36
2 - 33% - 30% - 15:15
3 - 22% - 20% - 10:13
4 - 6% - 10% - 2:50
PP Forward
1 - 56% - 60% - 3:21
2 - 44% - 40% - 2:36
PP Defense
1 - 60% - 60% - 3:35
2 - 40% - 40% - 2:22
PK Forward
1 - 73% - 60% - 5:57
2 - 27% - 40% - 2:12
PK Defense
1 - 63% - 60% - 5:06
2 - 37% - 40% - 3:03
PK3 Forward
1 - 0% - 60%
2 - 0% - 40%
PK3 Defense
1 - 0% - 60%
2 - 0% - 40%
44 Forward
1 - 0% - 60%
2 - 0% - 40%
44 Defense
1 - 0% - 60%
2 - 0% - 40%
Last Minute Offensive  - 0:00
Last Minute Defensive  - 0:00
Total
Forward - 60:00
Defense - 60:00

% Time on Ice - Blackhawks

Lines # - Real PCT - Wanted PCT - Time Play
Normal Forward
1 - 37% - 40% - 16:57
2 - 26% - 30% - 11:44
3 - 22% - 20% - 10:11
4 - 15% - 10% - 7:02
Normal Defense
1 - 43% - 40% - 19:32
2 - 33% - 30% - 14:57
3 - 21% - 20% - 9:48
4 - 4% - 10% - 1:37
PP Forward
1 - 54% - 60% - 4:24
2 - 46% - 40% - 3:45
PP Defense
1 - 57% - 60% - 4:41
2 - 43% - 40% - 3:28
PK Forward
1 - 73% - 60% - 4:22
2 - 27% - 40% - 1:35
PK Defense
1 - 49% - 60% - 2:56
2 - 51% - 40% - 3:01
PK3 Forward
1 - 0% - 60%
2 - 0% - 40%
PK3 Defense
1 - 0% - 60%
2 - 0% - 40%
44 Forward
1 - 0% - 60%
2 - 0% - 40%
44 Defense
1 - 0% - 60%
2 - 0% - 40%
Last Minute Offensive  - 0:00
Last Minute Defensive  - 0:00
Total
Forward - 60:00
Defense - 60:00

Play-by-Play

1st period


0:01 of 1st period - Derick Brassard wins face-off versus Ryan Johansen in neutral zone.
0:08 of 1st period - Slapshot by Chris Kreider.
0:08 of 1st period - Deflect By Derick Brassard.
0:08 of 1st period - Goal by Derick Brassard - Devils : 0 - Blackhawks : 1.
0:09 of 1st period - Scott Gomez wins face-off versus Tyler Seguin in neutral zone.
0:36 of 1st period - Brandon Yip is hit by Kevin Porter and loses puck.
1:08 of 1st period - Johnny Gaudreau is hit by Seth Jones.
1:42 of 1st period - Wrist shot by Tyler Seguin.
1:42 of 1st period - Stopped by Jimmy Howard without a rebound.
1:43 of 1st period - Tyler Seguin wins face-off versus Derick Brassard in Blackhawks zone.
3:02 of 1st period - Slapshot by Rostislav Olesz.
3:02 of 1st period - Shot Blocked by Gabriel Bourque.
3:06 of 1st period - Snap shot by Rostislav Olesz.
3:06 of 1st period - Stopped by Jimmy Howard with a rebound.
3:28 of 1st period - Minor Penalty to Antoine Roussel for Holding.
3:29 of 1st period - Scott Gomez wins face-off versus Tyler Seguin in Blackhawks zone.
5:28 of 1st period - Penalty to Antoine Roussel is over, Antoine Roussel is back on ice.
6:00 of 1st period - Tyler Seguin is hit by Mike Green and loses puck.
6:18 of 1st period - Scott Gomez is hit by Ladislav Smid and loses puck.
6:37 of 1st period - Slapshot by Tomas Fleischmann.
6:37 of 1st period - Stopped by John Gibson with a rebound.
6:45 of 1st period - Slapshot by Kellan Lain.
6:45 of 1st period - Shot Misses the Net.
6:51 of 1st period - Brandon Burlon is hit by Mike Green and loses puck.
7:04 of 1st period - Ladislav Smid is hit by Antoine Roussel and loses puck.
8:43 of 1st period - Chris Kreider is hit by Tyler Bozak and loses puck.
8:50 of 1st period - Rostislav Olesz is hit by Rick Nash and loses puck.
9:25 of 1st period - Snap shot by Tyler Seguin.
9:25 of 1st period - Shot Blocked by Gabriel Bourque.
9:45 of 1st period - Anthony Stewart is hit by Antoine Roussel and loses puck.
10:52 of 1st period - Rick Nash is hit by Brady Skjei and loses puck.
11:11 of 1st period - Slapshot by Antoine Roussel.
11:11 of 1st period - Shot Blocked by Gabriel Landeskog.
11:53 of 1st period - Chris Kreider is hit by Shea Weber and loses puck.
12:16 of 1st period - Ryan Johansen is hit by Gabriel Bourque and loses puck.
12:32 of 1st period - Icing by Tomas Fleischmann.
12:33 of 1st period - Scott Gomez wins face-off versus Anthony Stewart in Blackhawks zone.
12:40 of 1st period - Ladislav Smid is hit by Bobby Ryan and loses puck.
12:55 of 1st period - Icing by John Carlson.
12:56 of 1st period - Ryan Johansen wins face-off versus Antoine Roussel in Blackhawks zone.
12:57 of 1st period - Snap shot by Johnny Gaudreau.
12:57 of 1st period - Goal by Johnny Gaudreau - Devils : 1 - Blackhawks : 1.
12:58 of 1st period - Ryan Johansen wins face-off versus Derick Brassard in neutral zone.
13:29 of 1st period - Snap shot by Chris Kreider.
13:29 of 1st period - Goal by Chris Kreider - Devils : 1 - Blackhawks : 2.
13:30 of 1st period - Derick Brassard wins face-off versus Ryan Johansen in neutral zone.
13:30 of 1st period - Minor Penalty to Shea Weber for High sticking.
13:31 of 1st period - Derick Brassard wins face-off versus Ryan Johansen in Devils zone.
14:08 of 1st period - Gabriel Landeskog is hit by Scott Gomez and loses puck.
15:30 of 1st period - Penalty to Shea Weber is over, Shea Weber is back on ice.
15:36 of 1st period - Slapshot by Tyler Seguin.
15:36 of 1st period - Stopped by Jimmy Howard without a rebound.
15:37 of 1st period - Kevin Porter wins face-off versus Tomas Fleischmann in Blackhawks zone.
15:51 of 1st period - Tobias Rieder is hit by Gabriel Bourque and loses puck.
17:32 of 1st period - Slapshot by Viktor Arvidsson.
17:32 of 1st period - Shot Misses the Net.
18:06 of 1st period - Bobby Ryan is hit by Gabriel Landeskog.
18:10 of 1st period - Travis Hamonic is hit by Tyler Cuma and loses puck.
18:33 of 1st period - Snap shot by Kevin Porter.
18:33 of 1st period - Shot Misses the Net.
18:45 of 1st period - Wrist shot by Chris Kreider.
18:45 of 1st period - Shot Misses the Net.
18:47 of 1st period - Slapshot by Seth Jones.
18:47 of 1st period - Shot Blocked by Johnny Gaudreau.
19:03 of 1st period - Michael Latta is hit by Rostislav Olesz and loses puck.
19:12 of 1st period - Wrist shot by Rostislav Olesz.
19:12 of 1st period - Shot Misses the Net.
19:44 of 1st period - Marian Hossa is hit by Tomas Fleischmann and loses puck.
19:51 of 1st period - Slapshot by Ladislav Smid.
19:51 of 1st period - Shot Misses the Net.
19:53 of 1st period - Slapshot by Tyler Seguin.
19:53 of 1st period - Shot Blocked by Tyler Cuma.
Goals for this period are 1 for Devils vs 2 for Blackhawks.
Shots for this period are 4 for Devils vs 3 for Blackhawks.

2nd period


0:01 of 2nd period - Ryan Johansen wins face-off versus Derick Brassard in neutral zone.
0:04 of 2nd period - John Carlson is hit by Ryan Johansen and loses puck.
0:12 of 2nd period - Off-side.
0:13 of 2nd period - Derick Brassard wins face-off versus Ryan Johansen in neutral zone.
0:18 of 2nd period - Snap shot by Chris Kreider.
0:18 of 2nd period - Stopped by John Gibson without a rebound.
0:19 of 2nd period - Derick Brassard wins face-off versus Ryan Johansen in Devils zone.
0:26 of 2nd period - Wrist shot by Chris Kreider.
0:26 of 2nd period - Stopped by John Gibson with a rebound.
0:28 of 2nd period - Wrist shot by Rick Nash.
0:28 of 2nd period - Stopped by John Gibson with a rebound.
0:30 of 2nd period - Snap shot by Chris Kreider.
0:30 of 2nd period - Stopped by John Gibson without a rebound.
0:31 of 2nd period - Ryan Johansen wins face-off versus Derick Brassard in Devils zone.
0:31 of 2nd period - Ryan Johansen is hit by Derick Brassard.
0:43 of 2nd period - Snap shot by Viktor Arvidsson.
0:43 of 2nd period - Deflect By Ryan Johansen.
0:43 of 2nd period - Shot Misses the Net.
0:43 of 2nd period - Puck is out of play.
0:44 of 2nd period - Derick Brassard wins face-off versus Viktor Arvidsson in Blackhawks zone.
0:59 of 2nd period - Backhand shot by Derick Brassard.
0:59 of 2nd period - Stopped by John Gibson without a rebound.
1:00 of 2nd period - Tyler Seguin wins face-off versus Scott Gomez in Devils zone.
1:24 of 2nd period - Minor Penalty to Marian Hossa for Tripping.
1:25 of 2nd period - Chris Kreider wins face-off versus Ryan Johansen in Devils zone.
1:36 of 2nd period - Snap shot by Chris Kreider.
1:36 of 2nd period - Stopped by John Gibson with a rebound.
3:24 of 2nd period - Penalty to Marian Hossa is over, Marian Hossa is back on ice.
3:50 of 2nd period - Kevin Porter is hit by Tomas Fleischmann and loses puck.
5:08 of 2nd period - Slapshot by Rostislav Olesz.
5:08 of 2nd period - Deflect By Tyler Bozak.
5:08 of 2nd period - Shot Misses the Net.
5:08 of 2nd period - Puck is out of play.
5:09 of 2nd period - Ryan Johansen wins face-off versus Erik Christensen in Blackhawks zone.
5:22 of 2nd period - Slapshot by Brandon Yip.
5:22 of 2nd period - Shot Misses the Net.
5:34 of 2nd period - Scott Gomez is hit by Kellan Lain and loses puck.
5:39 of 2nd period - Wrist shot by Kellan Lain.
5:39 of 2nd period - Goal by Kellan Lain - Devils : 2 - Blackhawks : 2.
5:40 of 2nd period - Ryan Johansen wins face-off versus Derick Brassard in neutral zone.
6:38 of 2nd period - Snap shot by Erik Christensen.
6:38 of 2nd period - Shot Misses the Net.
6:40 of 2nd period - Snap shot by Brandon Yip.
6:40 of 2nd period - Stopped by John Gibson with a rebound.
6:58 of 2nd period - Slapshot by Seth Jones.
6:58 of 2nd period - Deflect By David Jones.
6:58 of 2nd period - Shot Blocked by Rostislav Olesz.
6:58 of 2nd period - Puck is out of play.
6:59 of 2nd period - Rick Nash wins face-off versus Ryan Johansen in Devils zone.
7:26 of 2nd period - Antoine Roussel is hit by Tyler Seguin and loses puck.
7:35 of 2nd period - Snap shot by Antoine Roussel.
7:35 of 2nd period - Stopped by John Gibson without a rebound.
7:36 of 2nd period - Tyler Seguin wins face-off versus Derick Brassard in Devils zone.
8:03 of 2nd period - Snap shot by Scott Gomez.
8:03 of 2nd period - Shot Misses the Net.
8:09 of 2nd period - Snap shot by Scott Gomez.
8:09 of 2nd period - Shot Blocked by Brady Skjei.
8:11 of 2nd period - Slapshot by Matthew Spiller.
8:11 of 2nd period - Deflect By Antoine Roussel.
8:11 of 2nd period - Stopped by John Gibson without a rebound.
8:12 of 2nd period - Tyler Seguin wins face-off versus Derick Brassard in Devils zone.
8:19 of 2nd period - Mike Green is hit by Gabriel Landeskog and loses puck.
8:26 of 2nd period - Snap shot by Gabriel Landeskog.
8:26 of 2nd period - Stopped by Jimmy Howard without a rebound.
8:27 of 2nd period - Scott Gomez wins face-off versus Ryan Johansen in Blackhawks zone.
8:40 of 2nd period - Wrist shot by Johnny Gaudreau.
8:40 of 2nd period - Stopped by Jimmy Howard without a rebound.
8:41 of 2nd period - Derick Brassard wins face-off versus Ryan Johansen in Blackhawks zone.
8:50 of 2nd period - Wrist shot by Chris Kreider.
8:50 of 2nd period - Shot Misses the Net.
9:07 of 2nd period - Antoine Roussel is hit by Tyler Seguin and loses puck.
9:42 of 2nd period - Snap shot by Tomas Fleischmann.
9:42 of 2nd period - Goal by Tomas Fleischmann - Devils : 2 - Blackhawks : 3.
9:43 of 2nd period - Derick Brassard wins face-off versus Ryan Johansen in neutral zone.
10:16 of 2nd period - Snap shot by Kellan Lain.
10:16 of 2nd period - Shot Blocked by Scott Gomez.
10:18 of 2nd period - Slapshot by Brady Skjei.
10:18 of 2nd period - Deflect By Antoine Roussel.
10:18 of 2nd period - Stopped by Jimmy Howard with a rebound.
10:33 of 2nd period - Minor Penalty to Tobias Enstrom for High sticking.
10:34 of 2nd period - Ryan Johansen wins face-off versus Derick Brassard in Devils zone.
10:34 of 2nd period - Ryan Johansen is hit by Derick Brassard.
10:46 of 2nd period - Snap shot by Derick Brassard.
10:46 of 2nd period - Goal by Derick Brassard - Devils : 2 - Blackhawks : 4.
10:46 of 2nd period - Keith Kinkaid enters game.
10:47 of 2nd period - Ryan Johansen wins face-off versus Derick Brassard in neutral zone.
10:54 of 2nd period - Slapshot by Viktor Arvidsson.
10:54 of 2nd period - Stopped by Jimmy Howard with a rebound.
11:00 of 2nd period - Snap shot by Viktor Arvidsson.
11:00 of 2nd period - Stopped by Jimmy Howard without a rebound.
11:01 of 2nd period - Rick Nash wins face-off versus Ryan Johansen in Blackhawks zone.
11:01 of 2nd period - Rick Nash is hit by Shea Weber.
11:23 of 2nd period - Minor Penalty to Travis Hamonic for High sticking.
11:24 of 2nd period - Derick Brassard wins face-off versus Gabriel Landeskog in Devils zone.
12:57 of 2nd period - Mike Green is hit by Ladislav Smid and loses puck.
13:04 of 2nd period - Wrist shot by Johnny Gaudreau.
13:04 of 2nd period - Stopped by Jimmy Howard without a rebound.
13:05 of 2nd period - Ryan Johansen wins face-off versus Derick Brassard in Blackhawks zone.
13:23 of 2nd period - Penalty to Travis Hamonic is over, Travis Hamonic is back on ice.
14:13 of 2nd period - Snap shot by Rostislav Olesz.
14:13 of 2nd period - Shot Misses the Net.
14:15 of 2nd period - Snap shot by Anthony Stewart.
14:15 of 2nd period - Shot Misses the Net.
14:17 of 2nd period - Slapshot by Travis Hamonic.
14:17 of 2nd period - Deflect By Tyler Bozak.
14:17 of 2nd period - Shot Blocked by Mike Green.
14:17 of 2nd period - Puck is out of play.
14:18 of 2nd period - Derick Brassard wins face-off versus Ryan Johansen in Blackhawks zone.
14:26 of 2nd period - Icing by Ladislav Smid.
14:27 of 2nd period - Ryan Johansen wins face-off versus Derick Brassard in Devils zone.
14:34 of 2nd period - Wrist shot by Johnny Gaudreau.
14:34 of 2nd period - Deflect By Viktor Arvidsson.
14:34 of 2nd period - Shot Misses the Net.
14:34 of 2nd period - Puck is out of play.
14:35 of 2nd period - Derick Brassard wins face-off versus Ryan Johansen in Blackhawks zone.
15:25 of 2nd period - Wrist shot by Erik Christensen.
15:25 of 2nd period - Stopped by Keith Kinkaid with a rebound.
15:27 of 2nd period - Snap shot by Erik Christensen.
15:27 of 2nd period - Stopped by Keith Kinkaid without a rebound.
15:28 of 2nd period - Johnny Gaudreau wins face-off versus Derick Brassard in Devils zone.
15:28 of 2nd period - Johnny Gaudreau is hit by Rick Nash.
15:50 of 2nd period - Minor Penalty to Seth Jones for Hooking.
15:51 of 2nd period - Tyler Seguin wins face-off versus Scott Gomez in Blackhawks zone.
17:50 of 2nd period - Penalty to Seth Jones is over, Seth Jones is back on ice.
18:00 of 2nd period - John Carlson is hit by Tyler Bozak and loses puck.
18:31 of 2nd period - Snap shot by Mike Green.
18:31 of 2nd period - Shot Blocked by Brandon Burlon.
18:33 of 2nd period - Wrist shot by Derick Brassard.
18:33 of 2nd period - Shot Blocked by Anthony Stewart.
Goals for this period are 1 for Devils vs 2 for Blackhawks.
Shots for this period are 7 for Devils vs 13 for Blackhawks.

3rd period


0:01 of 3rd period - Ryan Johansen wins face-off versus Derick Brassard in neutral zone.
0:04 of 3rd period - Snap shot by Johnny Gaudreau.
0:04 of 3rd period - Stopped by Jimmy Howard with a rebound.
0:12 of 3rd period - Slapshot by Mike Green.
0:12 of 3rd period - Shot Misses the Net.
0:16 of 3rd period - Wrist shot by Chris Kreider.
0:16 of 3rd period - Shot Misses the Net.
0:37 of 3rd period - Snap shot by Marian Hossa.
0:37 of 3rd period - Stopped by Jimmy Howard with a rebound.
0:44 of 3rd period - Icing by Tyler Cuma.
0:45 of 3rd period - Tobias Rieder wins face-off versus Bobby Ryan in Blackhawks zone.
0:52 of 3rd period - Slapshot by Ryan Johansen.
0:52 of 3rd period - Shot Misses the Net.
0:54 of 3rd period - Snap shot by Johnny Gaudreau.
0:54 of 3rd period - Shot Blocked by Scott Gomez.
0:56 of 3rd period - Snap shot by Travis Hamonic.
0:56 of 3rd period - Shot Blocked by Tyler Cuma.
0:58 of 3rd period - Wrist shot by Travis Hamonic.
0:58 of 3rd period - Shot Blocked by Tyler Cuma.
1:22 of 3rd period - Wrist shot by Derick Brassard.
1:22 of 3rd period - Shot Misses the Net.
1:34 of 3rd period - Wrist shot by John Carlson.
1:34 of 3rd period - Shot Blocked by Travis Hamonic.
1:36 of 3rd period - Snap shot by Erik Christensen.
1:36 of 3rd period - Shot Misses the Net.
1:38 of 3rd period - Wrist shot by Brandon Yip.
1:38 of 3rd period - Shot Misses the Net.
1:40 of 3rd period - Slapshot by Tomas Fleischmann.
1:40 of 3rd period - Shot Blocked by Travis Hamonic.
1:49 of 3rd period - Icing by Travis Hamonic.
1:50 of 3rd period - Viktor Arvidsson wins face-off versus Michael Latta in Devils zone.
2:17 of 3rd period - Gabriel Landeskog is hit by Seth Jones and loses puck.
2:26 of 3rd period - Snap shot by Marian Hossa.
2:26 of 3rd period - Stopped by Jimmy Howard with a rebound.
2:28 of 3rd period - Slapshot by Brandon Burlon.
2:28 of 3rd period - Stopped by Jimmy Howard without a rebound.
2:29 of 3rd period - Ryan Johansen wins face-off versus Scott Gomez in Blackhawks zone.
2:36 of 3rd period - Wrist shot by Antoine Roussel.
2:36 of 3rd period - Shot Blocked by Ladislav Smid.
2:38 of 3rd period - Snap shot by Mike Green.
2:38 of 3rd period - Shot Misses the Net.
2:40 of 3rd period - Snap shot by Bobby Ryan.
2:40 of 3rd period - Stopped by Keith Kinkaid without a rebound.
2:41 of 3rd period - Ryan Johansen wins face-off versus Derick Brassard in Devils zone.
3:19 of 3rd period - Wrist shot by Erik Christensen.
3:19 of 3rd period - Stopped by Keith Kinkaid with a rebound.
3:46 of 3rd period - Slapshot by Viktor Arvidsson.
3:46 of 3rd period - Stopped by Jimmy Howard without a rebound.
3:47 of 3rd period - Marian Hossa wins face-off versus Derick Brassard in Blackhawks zone.
4:10 of 3rd period - Minor Penalty to Derick Brassard for Tripping.
4:11 of 3rd period - Tyler Seguin wins face-off versus Scott Gomez in Blackhawks zone.
6:10 of 3rd period - Penalty to Derick Brassard is over, Derick Brassard is back on ice.
6:34 of 3rd period - Mike Green is hit by Kellan Lain.
7:56 of 3rd period - Wrist shot by Gabriel Bourque.
7:56 of 3rd period - Stopped by Keith Kinkaid with a rebound.
8:15 of 3rd period - Wrist shot by Kellan Lain.
8:15 of 3rd period - Deflect By Tobias Rieder.
8:15 of 3rd period - Shot Blocked by Seth Jones.
8:15 of 3rd period - Puck is out of play.
8:16 of 3rd period - Derick Brassard wins face-off versus Kevin Porter in Blackhawks zone.
8:41 of 3rd period - Backhand shot by Brandon Burlon.
8:41 of 3rd period - Shot Blocked by John Carlson.
9:18 of 3rd period - Derick Brassard is hit by Rostislav Olesz and loses puck.
9:38 of 3rd period - Wrist shot by Rostislav Olesz.
9:38 of 3rd period - Shot Blocked by Tyler Cuma.
9:44 of 3rd period - Kevin Porter is hit by Matthew Spiller and loses puck.
9:55 of 3rd period - Wrist shot by Tomas Fleischmann.
9:55 of 3rd period - Deflect By Johnny Gaudreau.
9:55 of 3rd period - Shot Blocked by Ryan Johansen.
9:55 of 3rd period - Puck is out of play.
9:56 of 3rd period - Erik Christensen wins face-off versus Ryan Johansen in Devils zone.
10:11 of 3rd period - Slapshot by Erik Christensen.
10:11 of 3rd period - Shot Misses the Net.
10:26 of 3rd period - Tobias Enstrom is hit by Matthew Spiller and loses puck.
10:40 of 3rd period - Tyler Seguin is hit by Rick Nash and loses puck.
11:07 of 3rd period - Slapshot by Chris Kreider.
11:07 of 3rd period - Deflect By Derick Brassard.
11:07 of 3rd period - Stopped by Keith Kinkaid without a rebound.
11:08 of 3rd period - Johnny Gaudreau wins face-off versus Scott Gomez in Devils zone.
11:33 of 3rd period - Kellan Lain is hit by Erik Christensen and loses puck.
11:40 of 3rd period - Slapshot by Erik Christensen.
11:40 of 3rd period - Stopped by Keith Kinkaid without a rebound.
11:41 of 3rd period - Scott Gomez wins face-off versus Viktor Arvidsson in Devils zone.
11:50 of 3rd period - Ryan Johansen is hit by Antoine Roussel and loses puck.
12:17 of 3rd period - Wrist shot by Tobias Rieder.
12:17 of 3rd period - Shot Blocked by Justin Falk.
12:19 of 3rd period - Snap shot by Kevin Porter.
12:19 of 3rd period - Stopped by Jimmy Howard without a rebound.
12:20 of 3rd period - Derick Brassard wins face-off versus Tyler Seguin in Blackhawks zone.
12:37 of 3rd period - Off-side.
12:38 of 3rd period - Ryan Johansen wins face-off versus Bobby Ryan in neutral zone.
12:55 of 3rd period - Slapshot by Antoine Roussel.
12:55 of 3rd period - Deflect By Bobby Ryan.
12:55 of 3rd period - Shot Misses the Net.
12:55 of 3rd period - Puck is out of play.
12:56 of 3rd period - Derick Brassard wins face-off versus Tyler Seguin in Devils zone.
12:57 of 3rd period - Wrist shot by Chris Kreider.
12:57 of 3rd period - Shot Misses the Net.
13:09 of 3rd period - Wrist shot by Gabriel Landeskog.
13:09 of 3rd period - Stopped by Jimmy Howard without a rebound.
13:10 of 3rd period - Derick Brassard wins face-off versus Ryan Johansen in Blackhawks zone.
13:16 of 3rd period - Off-side.
13:17 of 3rd period - Derick Brassard wins face-off versus Ryan Johansen in neutral zone.
13:23 of 3rd period - Minor Penalty to Johnny Gaudreau for Holding.
13:24 of 3rd period - Derick Brassard wins face-off versus Ryan Johansen in Devils zone.
13:53 of 3rd period - Off-side.
13:54 of 3rd period - Tyler Bozak wins face-off versus Scott Gomez in neutral zone.
14:15 of 3rd period - Brandon Yip is hit by Ryan Johansen and loses puck.
14:24 of 3rd period - Slapshot by Tyler Cuma.
14:24 of 3rd period - Shot Blocked by Ladislav Smid.
14:28 of 3rd period - Snap shot by Scott Gomez.
14:28 of 3rd period - Shot Misses the Net.
14:30 of 3rd period - Snap shot by Scott Gomez.
14:30 of 3rd period - Stopped by Keith Kinkaid without a rebound.
14:31 of 3rd period - Ryan Johansen wins face-off versus Derick Brassard in Devils zone.
14:48 of 3rd period - Snap shot by Chris Kreider.
14:48 of 3rd period - Stopped by Keith Kinkaid with a rebound.
15:23 of 3rd period - Penalty to Johnny Gaudreau is over, Johnny Gaudreau is back on ice.
15:40 of 3rd period - Marian Hossa is hit by Michael Latta and loses puck.
16:11 of 3rd period - Justin Falk is hit by Tobias Enstrom and loses puck.
16:28 of 3rd period - Slapshot by Seth Jones.
16:28 of 3rd period - Stopped by Keith Kinkaid without a rebound.
16:29 of 3rd period - Erik Christensen wins face-off versus Tyler Seguin in Devils zone.
17:01 of 3rd period - Slapshot by Derick Brassard.
17:01 of 3rd period - Shot Misses the Net.
17:03 of 3rd period - Slapshot by John Carlson.
17:03 of 3rd period - Deflect By Rick Nash.
17:03 of 3rd period - Shot Misses the Net.
17:03 of 3rd period - Puck is out of play.
17:04 of 3rd period - Derick Brassard wins face-off versus Kevin Porter in Devils zone.
17:11 of 3rd period - Wrist shot by Derick Brassard.
17:11 of 3rd period - Stopped by Keith Kinkaid without a rebound.
17:12 of 3rd period - Erik Christensen wins face-off versus Kevin Porter in Devils zone.
17:27 of 3rd period - Snap shot by Tobias Rieder.
17:27 of 3rd period - Shot Blocked by Tyler Cuma.
17:49 of 3rd period - Wrist shot by Chris Kreider.
17:49 of 3rd period - Stopped by Keith Kinkaid without a rebound.
17:50 of 3rd period - Kevin Porter wins face-off versus Scott Gomez in Devils zone.
18:03 of 3rd period - Snap shot by Tobias Rieder.
18:03 of 3rd period - Stopped by Jimmy Howard without a rebound.
18:04 of 3rd period - Erik Christensen wins face-off versus Johnny Gaudreau in Blackhawks zone.
18:13 of 3rd period - Wrist shot by Erik Christensen.
18:13 of 3rd period - Shot Misses the Net.
19:32 of 3rd period - Tyler Bozak is hit by Rick Nash and loses puck.
Goals for this period are 0 for Devils vs 0 for Blackhawks.
Shots for this period are 8 for Devils vs 10 for Blackhawks.